 Dungeon Sprint DCSS version 0.18.1-50-g88ac8fd (webtiles) character file.

3121 loralnil the Nimble (level 9, 0/102 HPs)
             Began as a Troll Berserker on Sept 14, 2016.
             Was the Champion of Trog.
             Slain by an orc warrior
             ... wielding a +0 hand axe
              (18 damage)
             ... in the Dungeon (Sprint III: "The Ten Rune Challenge").
             The game lasted 00:08:18 (946 turns).

loralnil the Nimble (Troll Berserker)                Turns: 946, Time: 00:08:19

Health: 0/102      AC:  4    Str: 30    XL:     9   Next: 60%
Magic:  8/8        EV: 13    Int:  3    God:    Trog [******]
Gold:   28         SH:  0    Dex:  9    Spells: 0 memorised, 8 levels left

rFire  . . .     SeeInvis .       - Unarmed
rCold  . . .     Gourm    +     a - +0 animal skin
rNeg   . . .     Faith    .     (no shield)
rPois  .         Spirit   .     (helmet restricted)
rElec  .         Dismiss  .     (no cloak)
rCorr  .         Reflect  .     (gloves unavailable)
SustAt .         Harm     .     (boots unavailable)
MR     .....     Clarity  +     (no amulet)
Stlth  +++....... NoTele   +    (no ring)
                                (no ring)

@: not resistant to hostile enchantments, fairly stealthy
A: unfitting armour, claws 3, camouflage 1, clarity, deformed body, fast
metabolism 3, gourmand, regeneration 3, shaggy fur 1, tough skin 2, wild magic 1
a: Berserk, Trog's Hand, Brothers in Arms, Burn Spellbooks, Renounce Religion


You were in the Dungeon.
You worshipped Trog.
Trog was exalted by your worship.
You were very full.

You visited 1 branch You collected 28 gold pieces.

Inventory:

Hand Weapons
 t - a +5 longbow of flaming
 u - a +1 broad axe of electrocution
Armour
 a - a +0 animal skin (worn)
Scrolls
 h - a scroll of blinking
 i - a scroll of amnesia {unknown}
 l - a scroll of immolation {unknown}
 m - a scroll of fear {unknown}
 n - 3 scrolls of remove curse
 p - a scroll of holy word {unknown}
Potions
 c - 3 potions of curing
 d - a potion of heal wounds
 e - 2 potions of haste
 f - 2 potions of magic
 g - a potion of berserk rage
 o - 2 potions of lignification
 r - a potion of cure mutation
 s - 2 potions of flight
Books
 j - a Young Poisoner's Handbook

   Spells                             Type                      Level
   a - Sting                          Conjuration/Poison           1
   b - Cure Poison                    Poison                       2
   c - Mephitic Cloud                 Conjuration/Poison/Air       3
   d - Olgreb's Toxic Radiance        Poison                       4
   e - Venom Bolt                     Conjuration/Poison           5
   Trog disapproves of the use of such an item.
 k - a Necronomicon

   Spells                             Type                      Level
   a - Haunt                          Necromancy/Summoning         7
   b - Borgnjor's Revivification      Necromancy                   8
   c - Death's Door                   Charms/Necromancy            8
   d - Necromutation                  Transmutation/Necromancy     8
   Trog disapproves of the use of such an item.
Comestibles
 b - 3 bread rations
 q - 2 royal jellies


   Skills:
 + Level 10.4 Fighting
 * Level 5.0 Axes
 + Level 11.1 Dodging
 + Level 4.8 Stealth
 - Level 10.7 Unarmed Combat


You had 8 spell levels left.
You didn't know any spells.

Dungeon Overview and Level Annotations

Branches:
Dungeon (1/1)

Altars:
Cheibriados
Dithmenos
Elyvilon
Fedhas
Gozag
Kikubaaqudgha
Makhleb
Nemelex Xobeh
Okawaru
Pakellas
Qazlal
Ru
Sif Muna
Trog
Vehumet
Xom
Yredelemnul
Zin
The Shining One
Jiyva
Lugonu

Shops:
D ?


Innate Abilities, Weirdness & Mutations

You are too large for most types of armour.
You have claws for hands.
Your metabolism is lightning-fast.
You like to eat raw meat.
You regenerate.
You are covered in fur (AC +1).
You have very tough skin (AC +2).
Your skin changes colour to match your surroundings (Stealth).
You possess an exceptional clarity of mind.
Armour fits poorly on your strangely shaped body.
Your spells are a little harder to cast, but a little more powerful.


Message History

Trog accepts your kill. Something appears at your feet! Trog grants you a gift!
t - a runed longbow {god gift} The orc knight hits you from afar with a bardiche.
There is a fountain of clear blue water here.
The orc knight roars a battlecry!
The orc warrior goes into a battle-frenzy!
There is an open door to the Ecumenical Temple here.
You close the door.
An orc knight opens the door.
You close the door.
An orc knight opens the door.
You barely miss the orc warrior.
You scratch the orc warrior but do no damage.
The orc knight hits you from afar with a bardiche!!!
* * * LOW HITPOINT WARNING * * *
The orc warrior hits you with a hand axe!
* * * LOW HITPOINT WARNING * * *
You closely miss the orc warrior.
The orc warrior hits you with a hand axe!!
You die...

▓▓▓▓▓▓▓▓ ▓▓▓ <..#...####
##.############ #
...#......#####..#___#__[#__####o
..##.......#..#..#.).#...#._#.$..
##.##.##...#..#..###'#'###)##.ooo
##.##.###..##'#..#..........#$$o.
#.####.##).###..@oo⌠........#o$o#
.###..##..####..)#...######)#o$$#
#.....##..###....#.⌠.#__#...#'###
###..##...##.....#...#__#...#oo..
##..##....#......#'###__#..o##.#.
#..###..##.#.....#.))#__#...'##.#
#..# #..#####....#___#__'...#).)#
▓▓▓▓ ▓▓▓▓ ▓▓▓▓▓▓▓▓▓▓▓▓▓▓▓▓▓▓▓▓▓
f.


You could see an orc knight and an orc warrior.

Vanquished Creatures
  Erolcha (D)
  An orc knight (D)
  A deep elf mage (D)
  2 redbacks (D)
  A shadow (D)
  A spatial vortex (D)
  2 hill giants (D)
  A necrophage (D)
  3 two-headed ogres (D)
  A water elemental (D)
  A scorpion (D)
  A jelly (D)
  Jessica (D)
  A wizard (D)
  A necromancer (D)
  A kobold demonologist (D)
  3 humans (D)
  An ooze (D)
  An orc (D)
  2 rats (D)
27 creatures vanquished.

Vanquished Creatures (others)
  2 draconian scorchers (D)
  2 yaktaurs (D)
  3 plants (D)
7 creatures vanquished.

Grand Total: 34 creatures vanquished

Notes
Turn   | Place    | Note
--------------------------------------------------------------
     0 | D        | loralnil the Troll Berserker began the quest for the Orb.
     0 | D        | Reached XP level 1. HP: 22/22 MP: 0/0
    29 | D        | Noticed Jessica
    38 | D        | Killed Jessica
    38 | D        | Reached ** piety under Trog
    38 | D        | Reached skill level 3 in Dodging
    38 | D        | Reached XP level 2. HP: 25/32 MP: 1/1
    38 | D        | Reached XP level 3. HP: 31/39 MP: 2/2
    42 | D        | Killed a yaktaur
    79 | D        | Reached skill level 4 in Dodging
    79 | D        | Reached skill level 5 in Unarmed Combat
   122 | D        | Noticed a scorpion
   131 | D        | Killed a scorpion
   131 | D        | Reached *** piety under Trog
   131 | D        | Reached skill level 5 in Dodging
   131 | D        | Reached XP level 4. HP: 24/49 MP: 3/3
   178 | D        | Gained mutation: You have a pair of small horns on your head. [potion of mutation]
   178 | D        | Gained mutation: You regenerate. [potion of mutation]
   179 | D        | Lost mutation: You have a pair of small horns on your head. [potion of mutation]
   179 | D        | Gained mutation: Armour fits poorly on your strangely shaped body. [potion of mutation]
   180 | D        | Gained mutation: Your spells are a little harder to cast, but a little more powerful. [potion of mutation]
   180 | D        | Gained mutation: Your skin changes colour to match your surroundings (Stealth). [potion of mutation]
   180 | D        | Gained mutation: You possess an exceptional clarity of mind. [potion of mutation]
   183 | D        | Noticed a water elemental
   185 | D        | Killed a white draconian scorcher
   186 | D        | Killed a water elemental
   186 | D        | Reached skill level 5 in Fighting
   186 | D        | Reached XP level 5. HP: 57/57 MP: 4/4
   189 | D        | Found a radiant altar of Vehumet.
   189 | D        | Found a deep blue altar of Sif Muna.
   189 | D        | Found an ancient bone altar of Kikubaaqudgha.
   193 | D        | Reached **** piety under Trog
   193 | D        | Reached skill level 6 in Dodging
   204 | D        | Found a glowing silver altar of Zin.
   204 | D        | Found a glowing golden altar of the Shining One.
   204 | D        | Found a white marble altar of Elyvilon.
   204 | D        | Noticed a deep elf mage
   210 | D        | Killed a white draconian scorcher
   212 | D        | Killed a deep elf mage
   212 | D        | Reached skill level 7 in Dodging
   212 | D        | Reached XP level 6. HP: 61/71 MP: 5/5
   212 | D        | Reached XP level 7. HP: 67/78 MP: 6/6
   225 | D        | Found an iron altar of Okawaru.
   225 | D        | Found a bloodstained altar of Trog.
   225 | D        | Noticed a human
   225 | D        | Noticed a human
   236 | D        | Killed a human
   236 | D        | Reached skill level 8 in Dodging
   253 | D        | Killed a human
   253 | D        | Reached ***** piety under Trog
   253 | D        | Reached skill level 10 in Unarmed Combat
   334 | D        | Found a basalt altar of Yredelemnul.
   334 | D        | Found a snail-covered altar of Cheibriados.
   334 | D        | Found a blossoming altar of Fedhas.
   383 | D        | Noticed a shadow
   388 | D        | Received a gift from Trog
   388 | D        | Reached XP level 8. HP: 74/89 MP: 7/7
   392 | D        | Reached skill level 9 in Dodging
   441 | D        | Found an oddly glowing altar of Pakellas.
   441 | D        | Found a stormy altar of Qazlal.
   441 | D        | Found a sacrificial altar of Ru.
   441 | D        | Found a burning altar of Makhleb.
   441 | D        | Found a shimmering altar of Xom.
   442 | D        | Found a viscous altar of Jiyva.
   442 | D        | Found a shadowy altar of Dithmenos.
   442 | D        | Found a sparkling altar of Nemelex Xobeh.
   442 | D        | Found a corrupted altar of Lugonu.
   442 | D        | Found an opulent altar of Gozag.
   447 | D        | Killed a yaktaur
   589 | D        | Reached skill level 1 in Axes
   638 | D        | Noticed Erolcha
   643 | D        | Reached skill level 10 in Dodging
   649 | D        | Killed Erolcha
   649 | D        | Reached XP level 9. HP: 16/101 MP: 8/8
   775 | D        | Reached skill level 10 in Fighting
   864 | D        | Noticed a wandering mushroom
   868 | D        | Noticed a wandering mushroom
   905 | D        | Found Izearamp's Magic Scroll Shop.
   905 | D        | Noticed an orc knight
   905 | D        | Noticed an orc knight
   919 | D        | Killed an orc knight
   919 | D        | Reached skill level 5 in Axes
   919 | D        | Reached skill level 11 in Dodging
   930 | D        | Received a gift from Trog
   930 | D        | Reached ****** piety under Trog
   946 | D        | Slain by an orc warrior

Skill      XL: |  1  2  3  4  5  6  7  8  9 |
---------------+----------------------------+-----
Fighting       | 3 4 5 7 8 9 10 | 10.4
Dodging        | 3 5 7 8 10 11 | 11.1
Unarmed Combat | 4 5 6 9 10 | 10.7
Stealth        | 2 3 4 |  4.8
Axes           | 3 5 |  5.0

Action                   |  1- 3 |  4- 6 |  7- 9 || total
-------------------------+-------+-------+-------++-------
Melee: Unarmed           |    33 |    10 |    74 ||   117
       Punch             |     1 |       |     9 ||    10
       Broad axe         |       |       |     7 ||     7
  Use: Scroll            |       |     3 |       ||     3
       Potion            |       |     3 |       ||     3
 Stab: Sleeping          |       |     3 |     1 ||     4
  Eat: Chunk             |     2 |       |    11 ||    13
Armor: Animal skin       |     3 |       |     3 ||     6
Dodge: Dodged            |    16 |     1 |    31 ||    48
